Workbook
Name А1: #REF!
Name А1: #REF!

Sheet Дод 1
L1: Додаток 1
O2: до рішення виконавчого комітету Великокучурівської сільської ради від 15.06.2026 № 154
O3: "Про внесення змін до розпису бюджету Великокучурівської сільської територіальної громади на 2026 рік та включення до нього показників міжбюджетних трансфертів"
A5: Зміни до розпису доходів бюджету Великокучурівської СТГ
A6: на 2026 рік
A7: Загальний фонд
O9: (грн)
A10: Код | B10: Найменування | C10: січень | D10: лютий | E10: березень | F10: квітень | G10: травень | H10: червень | I10: липень | J10: серпень | K10: вересень | L10: жовтень | M10: листопад | N10: грудень | O10: Разом
A11: 1 | B11: 2 | C11: 3 | D11: 4 | E11: 5 | F11: 6 | G11: 7 | H11: 8 | I11: 9 | J11: 10 | K11: 11 | L11: 12 | M11: 13 | N11: 14 | O11: 15
A12: 40000000 | B12: Офіційні трансферти | C12: 0 | D12: 0 | E12: 0 | F12: 0 | G12: 0 | H12: 8120 | I12: 0 | J12: 185798.35 | K12: 0 | L12: 0 | M12: 0 | N12: 0 | O12: 193918.35
A13: 41000000 | B13: Від органів державного управління | C13: 0 | D13: 0 | E13: 0 | F13: 0 | G13: 0 | H13: 8120 | I13: 0 | J13: 185798.35 | K13: 0 | L13: 0 | M13: 0 | N13: 0 | O13: 193918.35
A14: 41050000 | B14: Субвенції з місцевих бюджетів іншим місцевим бюджетам | C14: 0 | D14: 0 | E14: 0 | F14: 0 | G14: 0 | H14: 8120 | I14: 0 | J14: 185798.35 | K14: 0 | L14: 0 | M14: 0 | N14: 0 | O14: 193918.35
A15: 41051000 | B15: Субвенція з місцевого бюджету на здійснення переданих видатків у сфері освіти за рахунок коштів освітньої субвенції | C15: 0 | D15: 0 | E15: 0 | F15: 0 | G15: 0 | H15: 0 | I15: 0 | J15: 185798.35 | K15: 0 | L15: 0 | M15: 0 | N15: 0 | O15: 185798.35
A16: 41053900 | B16: Інші субвенції з місцевого бюджету | C16: 0 | D16: 0 | E16: 0 | F16: 0 | G16: 0 | H16: 8120 | I16: 0 | J16: 0 | K16: 0 | L16: 0 | M16: 0 | N16: 0 | O16: 8120
B17: Усього | C17: 0 | D17: 0 | E17: 0 | F17: 0 | G17: 0 | H17: 8120 | I17: 0 | J17: 185798.35 | K17: 0 | L17: 0 | M17: 0 | N17: 0 | O17: 193918.35
B19: Начальник Фінансового відділу Ганна ДОМІТРЮК

Sheet дод 2
D1: Додаток №2
F2: ='Дод 1'!O2 -> до рішення виконавчого комітету Великокучурівської сільської ради від 15.06.2026 № 154
B3: ='Дод 1'!O3 -> "Про внесення змін до розпису бюджету Великокучурівської сільської територіальної громади на 2026 рік та включення до нього показників міжбюджетних трансфертів"
A5: Фінансування місцевого бюджету на 2026 рік
A6: 2450200000
A7: (код бюджету) | F7: (грн)
A8: Код | B8: Найменування згідно з Класифікацією фінансування бюджету | C8: Усього | D8: Загальний фонд | E8: Спеціальний фонд
E9: усього | F9: у тому числі бюджет розвитку
A11: 1 | B11: 2 | C11: 3 | D11: 4 | E11: 5 | F11: 6
A12: Фінансування за типом кредитора
A13: 200000 | B13: Внутрішнє фінансування | C13: 0 | D13: -10061700 | E13: 10061700 | F13: 10061700
A14: 208000 | B14: Фінансування за рахунок зміни залишків коштів бюджетів | C14: 0 | D14: -10061700 | E14: 10061700 | F14: 10061700
A15: 208400 | B15: Кошти, що передаються із загального фонду бюджету до бюджету розвитку (спеціального фонду) | C15: 0 | D15: -10061700 | E15: 10061700 | F15: 10061700
A16: X | B16: Загальне фінансування | C16: 0 | D16: -10061700 | E16: 10061700 | F16: 10061700
A17: Фінансування за типом боргового зобов’язання
A18: 600000 | B18: Фінансування за активними операціями | C18: 0 | D18: -10061700 | E18: 10061700 | F18: 10061700
A19: 602000 | B19: Зміни обсягів бюджетних коштів | C19: 0 | D19: -10061700 | E19: 10061700 | F19: 10061700
A20: 602400 | B20: Кошти, що передаються із загального фонду бюджету до бюджету розвитку (спеціального фонду) | C20: 0 | D20: -10061700 | E20: 10061700 | F20: 10061700
A21: X | B21: Загальне фінансування | C21: 0 | D21: -10061700 | E21: 10061700 | F21: 10061700
B25: Начальник фінансового відділу Ганна ДОМІТРЮК

Sheet дод3
E1: Додаток 2
F2: ='дод 2'!F2 -> до рішення виконавчого комітету Великокучурівської сільської ради від 15.06.2026 № 154
B3: ='дод 2'!B3 -> "Про внесення змін до розпису бюджету Великокучурівської сільської територіальної громади на 2026 рік та включення до нього показників міжбюджетних трансфертів"
A4: Зміни до розпису видатків бюджету Великокучурівської СТГ
A5: на 2026 рік
A7: 2450200000
A8: (код бюджету)
A9: Код | B9: Найменування | C9: Загальний фонд | D9: Спеціальний фонд | F9: Разом
D10: усього | E10: у тому числі бюджет розвитку
A11: 1 | B11: 2 | C11: 3 | D11: 4 | E11: 5 | F11: 6
A12: 0110150 | B12: Організаційне, інформаційно-аналітичне та матеріально-технічне забезпечення діяльності обласної ради, районної ради, районної у місті ради (у разі її створення), міської, селищної, сільської рад | C12: -100 | D12: 0 | E12: 0 | F12: -100
A13: 2000 | B13: Поточні видатки | C13: -100 | D13: 0 | E13: 0 | F13: -100
A14: 2200 | B14: Використання товарів і послуг | C14: -100 | D14: 0 | E14: 0 | F14: -100
A15: 2210 | B15: Предмети, матеріали, обладнання та інвентар | C15: -100 | D15: 0 | E15: 0 | F15: -100
A16: 0116030 | B16: Організація благоустрою населених пунктів | C16: 100 | D16: 0 | E16: 0 | F16: 100
A17: 2000 | B17: Поточні видатки | C17: 100 | D17: 0 | E17: 0 | F17: 100
A18: 2200 | B18: Використання товарів і послуг | C18: 100 | D18: 0 | E18: 0 | F18: 100
A19: 2210 | B19: Предмети, матеріали, обладнання та інвентар | C19: 100 | D19: 0 | E19: 0 | F19: 100
A20: 0611010 | B20: Надання дошкільної освіти | C20: 0 | D20: 0 | E20: 0 | F20: 0
A21: 2000 | B21: Поточні видатки | C21: 0 | D21: 0 | E21: 0 | F21: 0
A22: 2200 | B22: Використання товарів і послуг | C22: 0 | D22: 0 | E22: 0 | F22: 0
A23: 2230 | B23: Продукти харчування | C23: 0 | D23: 0 | E23: 0 | F23: 0
... A41: 2210 | B41: Предмети, матеріали, обладнання та інвентар | C41: 0 | D41: 0 | E41: 0 | F41: 0
B42: Усього | C42: 193918.35 | D42: 0 | E42: 0 | F42: 193918.35
A45: Начальник Фінансового відділу Ганна ДОМІТРЮК

Sheet дод 4
C1: Додаток 3
D2: =дод3!F2 -> до рішення виконавчого комітету Великокучурівської сільської ради від 15.06.2026 № 154
B3: =дод3!B3 -> "Про внесення змін до розпису бюджету Великокучурівської сільської територіальної громади на 2026 рік та включення до нього показників міжбюджетних трансфертів"
A6: Зміни до показників міжбюджетних трансфертів на 2026 рік
A7: 2450200000
A8: (код бюджету)
A9: 1. Показники міжбюджетних трансфертів з інших бюджетів
D10: (грн)
A11: Код Класифікації доходу бюджету/ Код бюджету | B11: Найменування трансферту/ Найменування бюджету – надавача міжбюджетного трансферту | D11: Усього
A12: 1 | B12: 2 | D12: 3
A13: І. Трансферти до загального фонду бюджету
A14: 41040400 | B14: Інші дотації з місцевого бюджету | D14: =D15 -> 0
A15: 24100000000 | B15: Обласний бюджет Чернівецької області | D15: 0
A21: 41051000 | B21: Субвенція з місцевого бюджету на здійснення переданих видатків у сфері освіти за рахунок коштів освітньої субвенції | D21: 185798.35
A22: 2454500000 | B22: бюджет Кам'янської СТГ | D22: =D21 -> 185798.35
A23: 41053900 | B23: Інші субвенції з місцевого бюджету | D23: 8120
A24: 2454500000 | B24: бюджет Кам'янської СТГ | D24: =D23 -> 8120
A25: X | B25: УСЬОГО за розділом І та ІІ, у тому числі: | D25: =D20+D18+D16+D23+D21 -> 193918.35
A26: X | B26: загальний фонд | D26: =D25 -> 193918.35
A27: X | B27: спеціальний фонд | D27: 0
A29: 2. Показники міжбюджетних трансфертів іншим бюджетам | D29: (грн)
A30: Код Програмної класифікації видатків та кредитування місцевого бюджету/ Код бюджету | B30: Код типової програмної класифікації видатків та кредитування місцевого бюджету | C30: Найменування трансферту/ Найменування бюджету – отримувача міжбюджетного трансферту | D30: Усього
A31: 1 | B31: 2 | C31: 3 | D31: 4
A32: І. Трансферти із загального фонду бюджету
B33: 3719800 | C33: Субвенція з місцевого бюджету державному бюджету на виконання програм соціально-економічного розвитку регіонів | D33: 0
A34: 99000000000 | B34: 9800 | C34: Державний бюджет | D34: 0
A35: ІІ. Трансферти із спеціального фонду бюджету
B36: 3719800 | C36: Субвенція з місцевого бюджету державному бюджету на виконання програм соціально-економічного розвитку регіонів
A37: 99000000000 | B37: 9800 | C37: Державний бюджет
A38: 3719720 | B38: 9720 | C38: Субвенція з місцевого бюджету на підготовку та реалізацію публічних інвестиційних проектів / програм публічних інвестицій
A39: 2410000000 | B39: 9720 | C39: Чернівецький обласний бюджет
A40: X | B40: X | C40: УСЬОГО за розділом І та ІІ, у тому числі: | D40: =D39+D36 -> 0
A41: X | B41: X | C41: загальний фонд | D41: =D40 -> 0
A42: X | B42: X | C42: спеціальний фонд | D42: 0
A44: Начальник Фінансового відділу Ганна ДОМІТРЮК

Sheet дод. 4
E1: Додаток №4 | L1: Додаток 4
R2: =дод3!F2 -> до рішення виконавчого комітету Великокучурівської сільської ради від 15.06.2026 № 154
R3: =дод3!B3 -> "Про внесення змін до розпису бюджету Великокучурівської сільської територіальної громади на 2026 рік та включення до нього показників міжбюджетних трансфертів"
A6: Міжбюджетні трансферти на 2021 рік
A9: ='дод 2'!A6 -> 2450200000
A10: ='Дод 1'!A7 -> Загальний фонд | R10: грн.
A11: Код бюджету | B11: Найменування бюджету - одержувача / надавача міжбюджетного трансферту | C11: Трансферти з інших місцевих бюджетів | L11: Трансферти іншим бюджетам
C12: Дотація з місцевого бюджету на здійснення переданих з державного бюджету видатків з утримання закладів освіти та охорони здоров'я за рахунок відповідної додаткової дотації з держбюджету | D12: Базова дотація | E12: Дотація з місцевого бюджету на здійснення переданих з державного бюджету видатків з утримання закладів освіти та охорони здоров'я за рахунок відповідної додаткової дотації з держбюджету | F12: субвенції | K12: усього | L12: дотація на: | N12: субвенції | R12: усього
F13: загального фонду на: | I13: спеціального фонду на: | N13: загального фонду на: | P13: спеціального фонду на:
F14: Освітня субвенція з державного бюджету місцевим бюджетам | G14: Субвенція з місцевого бюджету на надання державної підтримки особам з особливими освітніми потребами за рахунок відповідної субвенції з державного бюджету | L14: Дотація з місцевого бюджету на здійснення переданих з державного бюджету видатків з утримання закладів освіти та охорони здоров'я за рахунок відповідної додаткової дотації з держбюджету | N14: Субвенція з місцевого бюджету на здійснення переданих видатків у сфері охорони здоров`я за рахунок коштів медичної субвенції | O14: Інші субвенції з місцевого бюджету
G15: видатки споживання | H15: видатки розвитку
B16: Державний бюджет України | D16: 25058000 | E16: 0 | F16: 37819000 | G16: 0 | H16: 0 | K16: =SUM(D16:H16) -> 62877000
A17: 24310200000 | B17: бюджет Сторожинецької МТГ | C17: 0 | D17: 0 | E17: 0 | F17: 0 | G17: 0 | H17: 0 | K17: =SUM(D17:H17) -> 0 | L17: 0 | O17: 235000 | R17: =O17+N17 -> 235000
A18: 24100000000 | B18: Обласний бюджет Чернівецької області | C18: 2487800 | D18: 0 | E18: 1572900 | F18: 0 | G18: 311700 | H18: 158000 | K18: =SUM(D18:H18) -> 2042600 | L18: 0 | N18: 0 | O18: 0 | R18: =L18+N18+O18 -> 0
A19: Х | B19: Усього | D19: =SUM(D16:D18) -> 25058000 | E19: =SUM(E16:E18) -> 1572900 | F19: =SUM(F16:F18) -> 37819000 | G19: =SUM(G16:G18) -> 311700 | H19: =SUM(H16:H18) -> 158000 | I19: =SUM(I16:I18) -> 0 | J19: =SUM(J16:J18) -> 0 | K19: =SUM(K16:K18) -> 64919600 | ... R19: =SUM(R16:R18) -> 235000
B21: В.о. начальника фінансового відділу Домітрюк Г.В.

Sheet дод.5
G1: Додаток №3
I2: ='дод. 4'!R2 -> до рішення виконавчого комітету Великокучурівської сільської ради від 15.06.2026 № 154
I3: ='дод. 4'!R3 -> "Про внесення змін до розпису бюджету Великокучурівської сільської територіальної громади на 2026 рік та включення до нього показників міжбюджетних трансфертів"
A5: ОБСЯГИ
A6: капітальних вкладень бюджету у розрізі інвестиційних проектів у 2024 році
A7: ='дод 2'!A6 -> 2450200000
A8: ='дод 2'!A7 -> (код бюджету) | H8: грн.
A9: Код Програмної класифікації видатків та кредитування місцевого бюджету | B9: Код Типової програмної класифікації видатків та кредитування місцевого бюджету | C9: Код Функціональної класифікації видатків та кредитування бюджету | D9: Найменування головного розпорядника коштів місцевого бюджету/ відповідального виконавця, найменування бюджетної програми згідно з Типовою програмною класифікацією видатків та кредитування місцевого бюджету | E9: Найменування інвестиційного проекту | F9: Загальний період реалізації проекту, (рік початку і завершення) | G9: Загальна вартість проекту, гривень | H9: Обсяг капітальних вкладень місцевого бюджету всього, гривень | I9: Обсяг капітальних вкладень місцевого бюджету у 2024 році, гривень | J9: Очікуваний рівень готовності проекту на кінець 2024 року, %
A10: 1 | B10: 2 | C10: 3 | D10: 4 | E10: 5 | F10: 6 | G10: 7 | H10: 8 | I10: 9 | J10: 10
A11: 0110150 | B11: 0150 | C11: 0111 | D11: Великокучурiвська сiльська рада | E11: придбання основних засобів та їх частин
A12: 0118240 | B12: 8240 | C12: 0380 | D12: Великокучурiвська сiльська рада | E12: придбання квадрокоптера для військової частини 3113
A13: 0611292 | B13: 1292 | C13: 0990 | D13: Відділ ОКМС Великокучурівської с/р | E13: придбання мультимедійного обладнання | H13: -492500
A14: 0617321 | B14: 7321 | C14: 0443 | D14: Відділ ОКМС Великокучурівської с/р | E14: капітальний ремонт захисної споруди цивільного захисту Снячівського ЗЗСО
A15: 0118240 | B15: 8240 | C15: 0380 | D15: Великокучурiвська сiльська рада | E15: придбання обладднання та предметів довгострокового користування
A16: 0116014 | B16: 6014 | C16: 0620 | D16: КП "ВК-Сервіс" | E16: придбання спецтехніки
A17: 0600000 | D17: Великокучурiвська сiльська рада
A18: 0610000 | D18: Великокучурiвська сiльська рада
A19: 0611021 | B19: 1021 | C19: 0921 | D19: Відділ ОКМС Великокучурівської с/р | E19: придбання телевізорів
A20: 0611271 | B20: 1271 | C20: 0990 | D20: Відділ ОКМС Великокучурівської с/р | E20: співфінансування заходів по НУШ
A21: 3710160 | B21: 0160 | C21: 0111 | D21: Фінвідділ Великокучурівської с/р | E21: придбання принтера | H21: 0
A22: X | B22: X | C22: X | D22: УСЬОГО | E22: X | F22: X | G22: X | H22: =SUM(H11:H21) -> -492500 | I22: Х | J22: X
B24: Начальник фінансового відділу Ганна ДОМІТРЮК

Sheet Дод.6
G1: Додаток №2
J2: ='Дод 1'!O2 -> до рішення виконавчого комітету Великокучурівської сільської ради від 15.06.2026 № 154
J3: ='Дод 1'!O3 -> "Про внесення змін до розпису бюджету Великокучурівської сільської територіальної громади на 2026 рік та включення до нього показників міжбюджетних трансфертів"
D5: Розподіл витрат місцевого бюджету на реалізацію місцевих/регіональних програм у 2024 році
A7: 24502000000
A8: (код бюджету) | J8: (грн.)
A9: Код Програмної класифікації видатків та кредитування місцевого бюджету | B9: Код Типової програмної класифікації видатків та кредитування місцевого бюджету | C9: Код Функціональної класифікації видатків та кредитування бюджету | D9: Найменування головного розпорядника коштів місцевого бюджету/ відповідального виконавця, найменування бюджетної програми згідно з Типовою програмною класифікацією видатків та кредитування місцевого бюджету | E9: Найменування місцевої/ регіональної програми | F9: Дата та номер документа, яким затверджено місцеву регіональну програму | G9: Усього | H9: Загальний фонд | I9: Спеціальний фонд
I10: усього | J10: у тому числі бюджет розвитку
A11: 1 | B11: 2 | C11: 3 | D11: 4 | E11: 5 | F11: 6 | G11: 7 | H11: 8 | I11: 9 | J11: 10
A12: 0100000 | D12: Великокучурiвська сiльська рада | G12: =G32 -> 0 | H12: =H13 -> 0 | I12: =I13 -> 0 | J12: =J13 -> 0
A13: 0110000 | D13: Великокучурiвська сiльська рада | G13: =G32 -> 0 | H13: =H32 -> 0 | I13: =I32 -> 0 | J13: =J32 -> 0
A14: 0110180 | B14: 0180 | C14: 0133 | D14: Інша діяльність у сфері державного управління | E14: Програма фінансового забезпечення представницьких витрат та інших видатків, повязаних з діяльністю великокучурівської сільскої ради на 2022-2024 роки | F14: рішення XIV сесії VІІІ скликання №434 -14/2021 від 20.12.2021 року | G14: 176000 | H14: 176000 | I14: 0 | J14: 0
A15: 0112113 | B15: 2113 | C15: 0721 | D15: Первинна медична допомога населенню, що надається амбулаторно-поліклінічними закладами (відділеннями) | E15: Програма фінансової підтримки та розвитку КНП Великокучурівська АЗПСМ Великокучурівської СТГ на 2022-2024 роки | F15: рішення XIV сесії VІІІ скликання № 433-14/2021 від 20.12.2021 року | G15: 1062000 | H15: 1062000 | I15: 0 | J15: 0
A16: 0113032 | B16: 3032 | C16: 1070 | D16: Надання пільг окремим категоріям громадян з оплати послуг зв`язку | E16: Комплексна програма соціального захисту населення та захисту прав дітей Великокучурівської сільської територіальної громади на 2022-2024 року | F16: рішення XIV сесії VІІІ скликання №437 -14/2021 від 20.12.2021 року | G16: 12000 | H16: 12000 | I16: 0 | J16: 0
A17: 0113033 | B17: 3033 | C17: 1070 | D17: Компенсаційні виплати на пільговий проїзд автомобільним транспортом окремим категоріям громадян | E17: Комплексна програма соціального захисту населення та захисту прав дітей Великокучурівської сільської територіальної громади на 2022-2024 року | F17: рішення XIV сесії VІІІ скликання №437 -14/2021 від 20.12.2021 року | G17: 150000 | H17: 150000 | I17: 0 | J17: 0
A18: 0113035 | B18: 3035 | C18: 1070 | D18: Компенсаційні виплати за пільговий проїзд окремих категорій громадян на залізничному транспорті | E18: Комплексна програма соціального захисту населення та захисту прав дітей Великокучурівської сільської територіальної громади на 2022-2024 року | F18: рішення XIV сесії VІІІ скликання №437 -14/2021 від 20.12.2021 року | G18: 20000 | H18: 20000 | I18: 0 | J18: 0
A19: 0113160 | B19: 3160 | C19: 1010 | D19: Надання соціальних гарантій фізичним особам, які надають соціальні послуги громадянам похилого віку, особам з інвалідністю, дітям з інвалідністю, хворим, які не здатні до самообслуговування і потребують сторонньої допомоги | E19: Комплексна програма соціального захисту населення та захисту прав дітей Великокучурівської сільської територіальної громади на 2022-2024 року | F19: рішення XIV сесії VІІІ скликання №437 -14/2021 від 20.12.2021 року | G19: 120000 | H19: 120000 | I19: 0 | J19: 0
A20: 0113241 | B20: 3241 | C20: 1090 | D20: Забезпечення діяльності інших закладів у сфері соціального захисту і соціального забезпечення | E20: Комплексна програма соціального захисту населення та захисту прав дітей Великокучурівської сільської територіальної громади на 2022-2024 року | F20: рішення XIV сесії VІІІ скликання №437 -14/2021 від 20.12.2021 року | G20: 2982400 | H20: 2982400 | I20: 0 | J20: 0
A21: 0113242 | B21: 3242 | C21: 1090 | D21: Інші заходи у сфері соціального захисту і соціального забезпечення | E21: Комплексна програма соціального захисту населення та захисту прав дітей Великокучурівської сільської територіальної громади на 2022-2024 року | F21: рішення XIV сесії VІІІ скликання №437 -14/2021 від 20.12.2021 року | G21: 270000 | H21: 270000 | I21: 0 | J21: 0
A22: 0113242 | B22: 3242 | C22: 1090 | D22: Інші заходи у сфері соціального захисту і соціального забезпечення | E22: Програма вшанування пам'яті учасників бойових дій, які загинули (померли) підчас проходження служби в районі проведення антитерористичної операції/операції об'єднаних сил допомоги та під час дії воєнного стану в Україні та підтримки їхніх сімей на 25023-2025 роки | F22: рішення ХХХІ сесії №167-31/2023 | G22: 3350000 | H22: 800000 | I22: 2550000 | J22: 2550000
A23: 0116014 | B23: 6014 | C23: 0620 | D23: Забезпечення збору та вивезення сміття і відходів | E23: Програма благоустрою населених пунктів Великокучурівської сільської територіальної громади на 2022-2024 роки | F23: рішення XIV сесії VІІІ скликання №432 -14/2021 від 20.12.2021 року | G23: 3090000 | H23: 3090000 | I23: 0 | J23: 0
A24: 0116030 | B24: 6030 | C24: 0620 | D24: Організація благоустрою населених пунктів | E24: Програма благоустрою населених пунктів Великокучурівської сільської територіальної громади на 2022-2024 роки | F24: рішення XIV сесії VІІІ скликання №432 -14/2021 від 20.12.2021 року | G24: 3262400 | H24: 3262400 | I24: 0 | J24: 0
A25: 0117130 | B25: 7130 | C25: 0421 | D25: Здійснення заходів із землеустрою | E25: Програма розвитку земельних відносин та забезпечення містобудівною документацією на території Великокучурівської сільської територіальної громади на 2022-2024 роки | F25: рішення XIV сесії VІІІ скликання №436 -14/2021 від 20.12.2021 року | G25: 160000 | H25: 160000 | I25: 0 | J25: 0
... A31: 0118230 | B31: 8230 | C31: 0380 | D31: Інші заходи громадського порядку та безпеки | E31: Програтми підвищення рівня безпеки життя громадян Великокучурівської сільської територіальної громади на 2021-2025 роки | F31: рішення ІІІ сесії VIII скликання №34-03/2021 від 12.02.2021 року | G31: 70000 | H31: 70000 | I31: 0 | J31: 0
A32: 0118240 | B32: 8240 | C32: 0380 | D32: Заходи та роботи з територіальної оборони | E32: Програтми підвищення рівня безпеки життя громадян Великокучурівської сільської територіальної громади на 2021-2025 роки | F32: рішення ІІІ сесії VIII скликання №34-03/2021 від 12.02.2021 | G32: =H32 -> 0 | I32: 0 | J32: 0
A35: 0113242 | B35: 3242 | C35: 1090 | D35: Інші заходи у сфері соціального захисту і соціального забезпечення | E35: Комплексна програма соціального захисту населення та захисту прав дітей Великокучурівської сільської територіальної громади на 2022-2024 року | F35: рішення XIV сесії VІІІ скликання №437 -14/2021 від 20.12.2021 року | G35: =H35+I35 -> -83010 | H35: -83010 | I35: 0 | J35: 0
A36: 0116083 | B36: 6083 | C36: 0610 | D36: Проектні, будівельно-ремонтні роботи, придбання житла та приміщень для розвитку сімейних та інших форм виховання, наближених до сімейних, та забезпечення житлом дітей-сиріт, дітей, позбавлених батьківського піклування, осіб з їх числа | E36: Комплексна програма соціального захисту населення та захисту прав дітей Великокучурівської сільської територіальної громади на 2022-2024 року | F36: рішення XIV сесії VІІІ скликання №437 -14/2021 від 20.12.2021 року | G36: =H36+I36 -> 83010 | H36: 83010 | I36: 0 | J36: 0
A37: 0611080 | B37: 1080 | C37: 0960 | D37: Надання спеціалізованої освіти мистецькими школами | E37: Комплаксна програма розвитку та діяльності закладів освіти Великокучурівської сільскої ради на 2024-2026 роки | F37: рішення ХХХІІІ сесії Великокучурівської сільської ради від 13.12.2023 року | G37: =H37+I37 -> 0 | I37: 0 | J37: 0
A38: 0614060 | B38: 4060 | C38: 0828 | D38: Забезпечення діяльності палаців i будинків культури, клубів, центрів дозвілля та iнших клубних закладів | E38: Програма розвитку культурної діяльності у Великокучурівській сільській територіальній громаді на 2023-2026 роки | F38: рішення XХХІ сесії VІІІ скликання № 139-31/2023 від 13.09.2023 року | G38: =H38+I38 -> 0 | I38: 0 | J38: 0
A39: 0615031 | B39: 5031 | C39: 0810 | D39: Утримання та навчально-тренувальна робота комунальних дитячо-юнацьких спортивних шкіл | E39: Програма розвитку фізичної культури і спорту у Великокучурівській сільській територіальній громаді на 2022-2024 роки | F39: рішення XVІ сесії VІІІ скликання № 10-16/2022 від 22.02.2022 року | G39: =H39+I39 -> 0 | I39: 0 | J39: 0
A40: 0617321 | B40: 7321 | C40: 0443 | D40: Будівництво освітніх установ та закладів | E40: Програтми підвищення рівня безпеки життя громадян Великокучурівської сільської територіальної громади на 2021-2025 роки | F40: рішення ІІІ сесії VIII скликання №34-03/2021 від 12.02.2021 року | G40: =H40+I40 -> 0 | H40: 0
A41: 3700000 | D41: Фінансовий відділ Великокучурівської сільської ради Чернівецького району Чернівецької області | G41: =H41+I41 -> 446000 | H41: =H42 -> 446000 | I41: 0 | J41: 0
A42: 3710000 | D42: Фінансовий відділ Великокучурівської сільської ради Чернівецького району Чернівецької області | G42: =H42+I42 -> 446000 | H42: =H44 -> 446000 | I42: 0 | J42: 0
A43: 3719770 | B43: 9770 | C43: 0180 | D43: Інші субвенції з місцевого бюджету | E43: Комплексна програма соціального захисту населення та захисту прав дітей Великокучурівської сільської територіальної громади на 2022-2024 року | F43: рішення XIV сесії VІІІ скликання №437 -14/2021 від 20.12.2021 року | G43: =H43+I43 -> 50000 | H43: 50000 | I43: 0 | J43: 0
A44: 3719800 | B44: 9800 | C44: 0180 | D44: Субвенція з місцевого бюджету державному бюджету на виконання програм соціально-економічного розвитку регіонів | E44: Програтми підвищення рівня безпеки життя громадян Великокучурівської сільської територіальної громади на 2021-2025 роки | F44: рішення ІІІ сесії VIII скликання №34-03/2021 від 12.02.2021 | G44: =H44+I44 -> 446000 | H44: 446000 | I44: 0 | J44: 0
A45: X | B45: X | C45: X | D45: УСЬОГО | E45: X | F45: X | G45: =H45+I45 -> 0 | H45: =H35+H36 -> 0 | I45: 0 | J45: 0
B47: Начальник фінансового відділу Ганна ДОМІТРЮК

Sheet дод 7
B1: Додаток № 5
B2: =Дод.6!J2 -> до рішення виконавчого комітету Великокучурівської сільської ради від 15.06.2026 № 154
B3: =Дод.6!J3 -> "Про внесення змін до розпису бюджету Великокучурівської сільської територіальної громади на 2026 рік та включення до нього показників міжбюджетних трансфертів"
A5: Відомча класифікація видатків та кредитування бюджету Великокучурівської об'єднаної громади на 2023 рік
A7: Код | B7: Найменування
A8: 006 | B8: Обласна державна адмiнiстрацiя
A9: 01 | B9: Великокучурівська сільська рада
A10: 06 | B10: Відділ ОКМС Великокучурівської с/р
A11: 37 | B11: Фінвідділ Великокучурівської сільської ради
A14: Начальник фінансового відділу Ганна ДОМІТРЮК

Sheet дод 8
B1: Додаток № 7
C2: ='дод 7'!B2 -> до рішення виконавчого комітету Великокучурівської сільської ради від 15.06.2026 № 154
C3: ='дод 7'!B3 -> "Про внесення змін до розпису бюджету Великокучурівської сільської територіальної громади на 2026 рік та включення до нього показників міжбюджетних трансфертів"
A5: Пелелік бюджетних установ, які фінансуватимуться з бюджету Великокучурівської сільської територіальної громади в 2023 році
A7: Код ЄДРПОУ | B7: Найменування
A8: 04418162 | B8: Великокучурівська сільська рада Чернівецького району Чернівецької області
A9: 44076241 | B9: Фінансовий відділ Великокучурівської сільської ради Чернівецького району Чернівецької області
A10: 44376142 | B10: Відділ освіти, культури, молоді і спорту Великокучурівської сільської ради Чернівецького району Чернівецької області
B11: Комунальний заклад "Центр надання соціальних послуг Великокучурівської сільської ради Чернівецького району Чернівецької області"
B12: Комунальний заклад "Центр культури та дозвілля Великокучурівської сільської ради Чернівецького району Чернівецької області"
B13: Місцева пожежна охорона Великокучурівської сільської ради Чернівецького району Чернівецької області
A14: 21440594 | B14: Великокучурівський заклад загальної середньої освіти І-ІІІ ступенів імені В.Бузенка Великокучурівської сільської ради Чернівецького району Чернівецької області
A15: 31465620 | B15: Годилівський заклад загальної середньої освіти І-ІІІ ступенів Великокучурівської сільської ради Чернівецького району Чернівецької області
A16: 21440068 | B16: Тисовецький заклад загальної середньої освіти І-ІІ ступенів імені Анни Дущак Великокучурівської сільської ради Чернівецького району Чернівецької області
A17: 21440016 | B17: Снячівський заклад загальної середньої освіти І-ІІІ ступенів Великокучурівської сільської ради Чернівецького району Чернівецької області
A18: 39421245 | B18: Великокучурівський заклад дошкільної освіти "Казка" Великокучурівської сільської ради Чернівецького району Чернівецької області
A19: 22853708 | B19: Великокучурівська музична школа Великокучурівської сільської ради Чернівецького району Чернівецької області
A20: 40542045 | B20: Великокучурівська дитячо-юнацька спортивна школа
A21: 44775759 | B21: КП "ВК-Сервіс"
A22: 44933424 | B22: Виконавчий комітет Великокучурівської сільської ради Чернівецького району Чернівецької області
A23: 44934575 | B23: Служба у справах дітей Великокучурівської сільської ради Чернівецького району Чернівецької області
A24: 40238468 | B24: КНП "Великокучурівська АЗПСМ"
A26: Начальник фінансового відділу Ганна ДОМІТРЮК
